 Dungeon Crawl Stone Soup version 0.30.0-30-g96aa6591b8 (webtiles) character file.

Game seed: 13521542811761109781

1693243 erynZofia the Conqueror (level 27, 133/273 HPs)
             Began as a Minotaur Berserker on June 26, 2023.
             Was a High Priest of Trog.
             Escaped with the Orb
             ... and 3 runes on June 27, 2023!
             The game lasted 07:29:15 (69434 turns).

erynZofia the Conqueror (Minotaur Berserker)       Turns: 69434, Time: 07:29:15

Health: 133/273    AC: 34    Str: 42      XL:     27
Magic:  15/15      EV: 20    Int:  4      God:    Trog [*****.]
Gold:   5041       SH: 31    Dex: 17 (19) Spells: 26/26 levels left

rFire   + . .        a - +9 broad axe (flame)
rCold   + + +        n - +0 tower shield {rC+}
rNeg    + + .        Y - +5 gold dragon scales
rPois   +            S - +2 hat {Will+}
rElec   +            T - scarf "Rielyn" {rC+ rF+, rElec Str+3 Dex+3}
rCorr   .            z - +2 pair of gloves {hurl}
SInv    +            G - +0 pair of boots "Jeosupne" {Str+3 Dex+2 SInv}
Will    +++..        C - amulet of reflection Stlth
                     X - ring of Qazlal's Condemnation {rN+ Str+6}
HPRegen 0.65/turn    P - ring "Zokab" {rC+ rN+ EV+5}
MPRegen 0.14/turn

%: random rage (3%), reflection
@: studying Armour
A: horns 2, retaliatory headbutt, berserk 1, deformed body, deterioration 1, low
MP 3, weak 1, heat vulnerability 1, subdued magic 1, inability to read after
injury 1
0: Orb of Zot
}: 3/15 runes: decaying, silver, gossamer
a: Renounce Religion, Berserk, Trog's Hand, Brothers in Arms


You escaped.
You worshipped Trog.
Trog was extremely pleased with you.
You visited 9 branches of the dungeon, and saw 47 of its levels.
You visited the Abyss 3 times.
You visited 2 bazaars.
You also visited: Ice Cave, Wizlab and Desolation.

You collected 6755 gold pieces.
You spent 1714 gold pieces at shops.

Inventory:

Hand Weapons
 a - a +9 broad axe of flaming (weapon)
 b - a +7 antimagic broad axe
Missiles
 c - 215 stones
 f - 9 silver javelins
 r - 74 poisoned darts
 u - 9 silver boomerangs
 w - 7 javelins
 A - 4 boomerangs (quivered)
Armour
 n - a +0 tower shield of cold resistance (worn)
 z - a +2 pair of gloves of hurling (worn)
 G - the +0 pair of boots "Jeosupne" (worn) {Str+3 Dex+2 SInv}
   (You acquired it on level 6 of the Dungeon)

   Str:       It affects your strength (+3).
   Dex:       It affects your dexterity (+2).
   SInv:      It lets you see invisible.
 S - a +2 hat of willpower (worn)
 T - the scarf "Rielyn" (worn) {rC+ rF+, rElec Str+3 Dex+3}
   (You found it on level 3 of the Lair of Beasts)

   Str:       It affects your strength (+3).
   Dex:       It affects your dexterity (+3).
   rElec:     It insulates you from electricity.
 Y - +5 gold dragon scales (worn)
Jewellery
 j - the ring "Wurpha" {rElec rF++ Str-3 SInv}
   (You took it off a deep elf death mage on level 3 of the Elven Halls)

   [ring of see invisible]

   Str:       It affects your strength (-3).
   rF:        It greatly protects you from fire.
   rElec:     It insulates you from electricity.
   SInv:      It lets you see invisible.
 C - an amulet of reflection (around neck)
 K - a ring of flight
 O - the ring of Spontaneous Combustion {rC+ rN+++ Will-}
   (You found it in the Desolation of Salt)

   [ring of protection from cold]

   rC:        It protects you from cold.
   rN:        It renders you almost immune to negative energy.
   Will:      It decreases your willpower.
 P - the ring "Zokab" (right hand) {rC+ rN+ EV+5}
   (You found it in the Desolation of Salt)

   [ring of evasion]

   EV:        It affects your evasion (+5).
   rC:        It protects you from cold.
   rN:        It protects you from negative energy.
 R - a +4 ring of slaying
 X - the ring of Qazlal's Condemnation (left hand) {rN+ Str+6}
   (You found it in the Desolation of Salt)

   [ring of strength]

   Str:       It affects your strength (+6).
   rN:        It protects you from negative energy.
Wands
 F - a wand of paralysis (58)
 H - a wand of iceblast (62)
 I - a wand of flame (85)
 L - a wand of acid (51)
 Q - a wand of digging (28)
 W - a wand of mindburst (58)
 Z - a wand of polymorph (29)
Scrolls
 e - 2 scrolls of butterflies
 m - 3 scrolls of blinking
 s - 14 scrolls of poison
 v - 4 scrolls of silence
 y - 8 scrolls of magic mapping
 D - 2 scrolls of fog
 J - 13 scrolls of fear
 N - 12 scrolls of teleportation
Potions
 d - 12 potions of mutation
 g - 24 potions of curing
 i - 13 potions of ambrosia
 l - 10 potions of invisibility
 p - 7 potions of haste
 q - 7 potions of resistance
 t - 11 potions of flight
 E - 9 potions of heal wounds
 M - 7 potions of berserk rage
 U - 7 potions of might
 V - 8 potions of cancellation
Miscellaneous
 h - a condenser vane
 k - a box of beasts
 o - a lightning rod (4/4)
 x - a phantom mirror
 B - a phial of floods


   Skills:
 O Level 27 Fighting
 O Level 27 Axes
 - Level 17.0 Throwing
 O Level 27 Armour
 + Level 12.6 Dodging
 O Level 27 Shields
 - Level 16.0 Evocations


You had 26 spell levels left.
You didn't know any spells.
Your spell library was empty.

Dungeon Overview and Level Annotations

Branches:
Dungeon (15/15)            Temple (0/1) D:7            Lair (5/5) D:9
  Swamp (4/4) Lair:2       Spider (4/4) Lair:2        Slime (0/5) Lair:4
    Orc (2/2) D:12            Elf (3/3) Orc:2        Vaults (5/5) D:13
  Crypt (0/3) Vaults:3     Depths (4/4) D:15            Zot (5/5) Depths:4
  IceCv (visited)          WizLab (visited)         Desolation (visited)

Altars:
Ashenzari
Dithmenos
Elyvilon
Fedhas
Gozag
Kikubaaqudgha
Makhleb
Okawaru
Qazlal
Ru
Sif Muna
Uskayaw
Vehumet
Wu Jian
Xom
Yredelemnul
Jiyva
Lugonu

Shops:
D:7 *   Orc:2 :(*[   Elf:1 [   Elf:2 *   Elf:3 [   Vaults:2 (   Vaults:3 *=!!!
Vaults:5 *   Depths:2 :

Portals:
Hell: Depths:1 Depths:2 Depths:3 Depths:4
Abyss: Depths:1 Depths:2 Depths:3
Pandemonium: Depths:1 Depths:2
Ziggurat: Depths:2

Annotations:
Elf:2 3 runed translucent doors


Innate Abilities, Weirdness & Mutations

You have a pair of horns on your head.
You reflexively headbutt those who attack you in melee.
You sometimes lose your temper in combat.
Armour fits poorly on your strangely shaped body.
Your body sometimes deteriorates upon taking damage.
Your magical capacity is extremely low. (-30% MP)
You are weak. (Str -2)
You are vulnerable to heat. (rF-)
Your spells are a little easier to cast, but a little less powerful.
You occasionally lose the ability to read scrolls when taking damage.


Message History

You can read scrolls again.
You feel yourself slow down.
You hear a grinding noise.
You hear a grinding noise.
There is a stone staircase leading up here.
You climb upwards.
There is a stone staircase leading down here.
Items here: ! ? [[.
You are a level 27 Minotaur Berserker.
I'm sorry, level 27 is as high as you can go.
With the way you've been playing, I'm surprised you got this far.
Play time: 07:28:13 (69347 turns).
You are forever immune to Zot's power.
You feel much better.
There is a stone staircase leading up here.
Things that are here:
a +0 dagger; a +0 sling You climb upwards.
There is a stone staircase leading down here.
A tormentor comes into view.
The tormentor calls on the powers of darkness!
Your body is wracked with pain!
You feel threatened and lose the ability to read scrolls!
You enter the shallow water.
Moving in this stuff is going to be slow.
Why would you want to do that?
You enter the shallow water.
Moving in this stuff is going to be slow.
There is a stone staircase leading up here.
You carve the tormentor like a ham!!! You burn the tormentor.
You kill the tormentor!
Trog accepts your kill.
You climb upwards.
There is a stone staircase leading down here.
You can read scrolls again.
There is a stone staircase leading up here.
You climb upwards.
There is a stone staircase leading down here.
There is an open gate here.
There is a staircase leading out of the dungeon here.
You have escaped!

...........................###...
.................................
.................#####......##...
.................#...#.....####.#
...........#######.8.#..........:
..♣.♣.♣.♣..#.........#.....####..
..........##........##.....# #..
..........'.........#....⌠.# #..
..........'.....@...#...⌠..####..
..........'.........#....⌠.......
..........##........##...........
..♣.♣)♣.♣..#.........#.....####..
...........#######.8.#.....# #.#
.................#...#.....# #..
.................#####.....# #..
...........................# #.#
...........................# #..


There were no monsters in sight!

Vanquished Creatures
  2 dread liches
  6 orbs of fire
  Mara (Vaults:1)
  2 ancient liches
  2 juggernauts (Depths:3)
  Frederick (Vaults:2)
  Boris (Depths:4)
  the Lernaean hydra (Swamp:4)
  Vv (Depths:4)
  Bai Suzhen (Swamp:3)
  Saint Roka (Vaults:2)
  A curse toe (Zot:3)
  13 golden dragons
  Arachne (Spider:2)
  the Enchantress (Depths:4)
  A bone dragon (Depths:3)
  2 electric golems
  Zenata (Vaults:4)
  19 tentacled monstrosities
  3 hellephants
  An Ice Fiend (Zot:3)
  A Hell Sentinel (D:7)
  5 liches
  22 Orb Guardians (Zot:5)
  2 deep elf blademasters (Elf:3)
  A walking divine tome (Depths:2)
  4 quicksilver dragons
  7 deep elf master archers
  4 titans
  4 death cobs
  4 tentacled starspawn (Abyss:2)
  Agnes (Spider:4)
  7 sphinxes
  Frances (Spider:2)
  19 storm dragons
  9 shadow dragons
  6 tengu reavers
  Kirke (Lair:5)
  Donald (Swamp:2)
  2 draconian knights
  Roxanne (Spider:2)
  3 fenstrider witches (WizLab)
  5 draconian monks
  A demonspawn warmonger (Depths:2)
  8 fire giants
  8 frost giants
  3 imperial myrmidons (Desolation)
  6 deep elf sorcerers
  2 iron dragons
  22 vault wardens
  7 draconian scorchers
  2 emperor scorpions
  10 ghost moths
  Louise (Swamp:2)
  5 draconian stormcallers
  8 draconian shifters
  18 ironbound preservers
  An ophan (Elf:1)
  9 deep elf elementalists
  A broodmother (Spider:3)
  5 draconian annihilators
  5 war gargoyles
  5 orc warlords
  A caustic shrike skeleton (Depths:2)
  13 very ugly things
  13 stone giants
  7 ironbound thunderhulks
  4 spriggan defenders
  4 reapers
  10 eleionomae
  A demonspawn black sun (Depths:2)
  8 black draconians
  14 green draconians
  3 vampire knights
  2 lorocyprocas
  11 yellow draconians
  7 dire elephants (Vaults:3)
  4 bunyips
  9 deep elf demonologists
  A halazid warlock (Desolation)
  6 deep elf annihilators
  11 purple draconians
  10 red draconians
  11 spark wasps
  10 white draconians
  9 ettins
  11 crystal guardians
  10 deep elf death magi
  3 jiangshi (Depths:1)
  11 fire dragons
  8 ragged hierophants (Desolation)
  A merfolk javelineer (Depths:2)
  6 entropy weavers
  4 shambling mangroves
  12 yaktaur captains
  The ghost of Sazxiawk the Spear-Bearer, a journeyman VSFi of Uskayaw (Lair:3)
  6 great orbs of eyes
  7 deep elf high priests
  34 vault guards
  5 servants of whispers (Desolation)
  6 rakshasas
  16 ice dragons
  2 hell beasts
  3 catoblepae
  Erolcha (Orc:1)
  21 hydras
  An ogre mage (Vaults:5)
  A jorogumo (Spider:4)
  A caustic shrike simulacrum (IceCv)
  A radroach (shapeshifter) (Vaults:5)
  4 spriggan air magi
  A death knight (D:14)
  A ghost crab (Swamp:3)
  21 centaur warriors
  12 peacekeepers
  3 two-headed ogres
  3 boulder beetles
  11 alligators
  9 ironbound frosthearts
  3 satyrs (WizLab)
  2 radroaches
  19 dancing weapons
  3 deep troll earth magi (Depths:4)
  A vampire mage (Depths:1)
  14 deep troll shamans
  3 tengu warriors
  2 thrashing horrors (Abyss:2)
  4 spriggan berserkers
  6 hell knights (Depths:3)
  5 naga sharpshooters (WizLab)
  3 death yaks (D:9)
  5 hell hogs (Depths:2)
  Sonja (Lair:1)
  4 orc high priests (Orc:2)
  Nergalle (Lair:1)
  2 sun demons
  A skyshark (Lair:3)
  6 iron trolls
  2 wretched stars (Abyss:2)
  Amaemon (Lair:1)
  14 deep elf knights
  A sixfirhy (Depths:2)
  3 spriggan druids
  A sun moth (Spider:2)
  A death drake (Zot:2)
  6 pharaoh ants
  5 goliath frogs
  An obsidian statue (IceCv)
  5 glowing orange brains
  2 flayed ghosts (Depths:3)
  15 swamp dragons
  56 deep trolls
  2 orange crystal statues
  10 orb spiders
  26 ironbound convokers
  4 spriggan simulacra (IceCv)
  5 steelbarb worms
  A swamp dragon (shapeshifter) (Vaults:4)
  4 bog bodies
  A mana viper (shapeshifter) (Vaults:5)
  3 lindwurms
  11 deep elf archers
  6 necromancers
  A sphinx zombie (Depths:4)
  4 harpies (Vaults:3)
  12 wizards
  22 deep elf zephyrmancers
  An iron dragon zombie (Depths:4)
  25 ugly things
  12 orc knights
  4 oklob plants
  16 wolf spiders
  5 phantasmal warriors
  25 deep elf pyromancers
  6 orc sorcerers
  3 will-o-the-wisps
  25 moths of wrath
  A cyclops (D:15)
  A salamander (shapeshifter) (D:15)
  A stone giant zombie (Depths:1)
  4 manticores
  6 fauns (WizLab)
  A human zombie (Vaults:2)
  A worldbinder (Abyss:2)
  A frost giant zombie (Depths:2)
  A fire giant skeleton (Depths:1)
  An iron dragon skeleton (Vaults:2)
  7 guardian serpents
  19 elephants
  A stone giant skeleton (Vaults:2)
  11 vault sentinels
  3 molten gargoyles
  4 torpor snails (Spider:4)
  An apocalypse crab (Abyss:2)
  A rust devil (Depths:1)
  An eye of devastation (shapeshifter) (Depths:4)
  Maurice (Orc:2)
  10 demonic crawlers
  A yaktaur zombie (Vaults:2)
  8 black mambas
  19 cane toads
  Joseph (D:7)
  Maggie (D:9)
  2 orange demons
  3 gargoyles
  7 rime drakes
  A tengu conjurer (Depths:3)
  2 yaktaurs (shapeshifter)
  An efreet (Abyss:2)
  34 yaktaurs
  4 ice devils (IceCv)
  16 komodo dragons
  An anaconda simulacrum (IceCv)
  10 freezing wraiths
  5 kobold demonologists
  A tormentor (D:3)
  An ancient zyme (Abyss:2)
  7 trolls
  3 hellwings
  A red devil (Depths:2)
  3 polar bears
  A bloated husk (Swamp:2)
  Prince Ribbit (Lair:1)
  2 meliai (Spider:4)
  61 saltlings
  Grinder (D:4)
  9 tyrant leeches
  15 blink frogs
  7 raiju (Abyss:2)
  13 dream sheep
  16 hornets
  44 tarantellas
  An ettin zombie (Depths:2)
  A jumping spider (shapeshifter) (D:15)
  30 jumping spiders
  A frost giant simulacrum (Depths:1)
  37 slime creatures
  A spriggan skeleton (Depths:1)
  4 ynoxinuls
  29 culicivoras
  A centaur simulacrum (D:15)
  12 spriggans
  52 yaks
  4 vampires
  2 dire elephant simulacra (IceCv)
  3 wraiths
  Eustachio (D:5)
  7 wyverns
  8 basilisks
  2 hogs (Lair:5)
  A death yak simulacrum (Lair:3)
  12 starcursed masses (Abyss:2)
  2 chaos spawn
  3 fire elementals
  3 neqoxecs
  Grum (D:10)
  4 steam dragons
  6 vampire mosquitoes
  73 redbacks
  A minotaur simulacrum (IceCv)
  3 wargs
  A glowing shapeshifter zombie (Vaults:2)
  A harpy simulacrum (IceCv)
  15 water moccasins
  A hydra simulacrum (Lair:3)
  15 swamp worms
  2 large abominations (Abyss:2)
  A floating eye (shapeshifter) (Vaults:5)
  A naga skeleton (Abyss:2)
  9 hell hounds
  A glowing shapeshifter skeleton (Depths:2)
  9 swamp drakes
  2 ice beasts
  5 black bears
  31 orc warriors
  5 small abominations (Abyss:2)
  An alligator simulacrum (IceCv)
  An ettin simulacrum (IceCv)
  5 boggarts (Vaults:1)
  25 wolves
  18 centaurs
  5 ogres
  3 phantoms
  13 kobold brigands
  8 bullfrogs
  2 gnoll sergeants
  A skyshark simulacrum (Lair:3)
  2 scorpions
  5 deep troll simulacra (IceCv)
  7 wights
  2 blink frog simulacra (Lair:3)
  A dream sheep simulacrum (Lair:3)
  3 howler monkeys
  3 electric eels (Lair:2)
  3 lava snakes (Lair:5)
  25 orc priests
  3 jellies
  2 sleepcaps
  3 iguanas
  31 orc wizards
  2 hell rats (D:9)
  A human simulacrum (D:11)
  14 gnolls
  4 adders
  2 river rats (D:9)
  A shadow imp (D:7)
  2 white imps
  An ufetubus (D:6)
  8 dart slugs (D:3)
  103 orcs
  6 endoplasms
  4 giant cockroaches
  6 goblins
  5 hobgoblins
  4 jackals
  4 quokkas
  8 ball pythons
  5 bats
  32 kobolds
  8 rats
  A spectral weapon (Spider:4)
  6 starspawn tentacles (Abyss:2)
2319 creatures vanquished.

Vanquished Creatures (others)
  A lorocyproca (Depths:2)
  A deep elf knight (Elf:2)
  An orb spider (Spider:4)
  A black mamba (Lair:5)
  A bloated husk (Swamp:2)
  A human simulacrum (D:11)
  14 foxfires
  13 starspawn tentacles (Abyss:2)
33 creatures vanquished.

Grand Total: 2352 creatures vanquished

Notes
Turn   | Place    | Note
-------+----------+-------------------------------------------
     0 | D:1      | erynZofia the Minotaur Berserker began the quest for the
                  | Orb.
     0 | D:1      | Reached XP level 1. HP: 19/19 MP: 0/0
    60 | D:1      | Found a faded altar of an unknown god.
   281 | D:1      | Reached XP level 2. HP: 27/27 MP: 1/1
   768 | D:1      | Reached ** piety under Trog
  1025 | D:2      | Found a blossoming altar of Fedhas.
  1042 | D:2      | Reached XP level 3. HP: 33/33 MP: 2/2
  1290 | D:3      | Noticed a phantom
  1304 | D:2      | Killed a phantom
  1305 | D:2      | Reached skill level 5 in Axes
  1305 | D:2      | Reached XP level 4. HP: 36/41 MP: 3/3
  1376 | D:3      | Reached XP level 5. HP: 15/47 MP: 4/4
  1526 | D:3      | Found a shimmering blue altar of Sif Muna.
  1611 | D:3      | Reached skill level 5 in Fighting
  1959 | D:3      | Found a shadowy altar of Dithmenos.
  2548 | D:4      | Reached XP level 6. HP: 49/56 MP: 5/5
  2776 | D:4      | Noticed Grinder
  2797 | D:4      | Killed Grinder
  2798 | D:4      | Reached XP level 7. HP: 48/64 MP: 6/6
  3000 | D:5      | Entered Level 5 of the Dungeon
  3191 | D:5      | Reached *** piety under Trog
  3198 | D:5      | Identified the +8 chain mail of the Heron {Rampage rElec
                  | rCorr Dex-3}
  3260 | D:5      | Identified 2 scrolls of acquirement
  3465 | D:5      | Found an ornate altar of the Wu Jian Council.
  3630 | D:5      | Reached XP level 8. HP: 63/73 MP: 7/7
  3838 | D:5      | Identified the +0 ring mail of the Trombone {rPois}
  3977 | D:5      | Noticed Eustachio
  4003 | D:5      | Killed Eustachio
  4004 | D:5      | Reached skill level 10 in Axes
  4392 | D:6      | Found a sacrificial altar of Ru.
  4402 | D:6      | Found an ancient bone altar of Kikubaaqudgha.
  4659 | D:6      | Found a blossoming altar of Fedhas.
  4703 | D:6      | Reached XP level 9. HP: 82/82 MP: 8/8
  5143 | D:6      | Acquired the +0 pair of boots "Jeosupne" {Str+3 Dex+2 SInv}
  5477 | D:7      | Found Tysh's Assorted Antiques.
  5540 | D:7      | Noticed Joseph
  5555 | D:7      | Killed Joseph
  5785 | D:7      | Reached skill level 10 in Fighting
  5853 | D:7      | Found a staircase to the Ecumenical Temple.
  6265 | D:8      | Found an iron altar of Okawaru.
  6286 | D:8      | Reached **** piety under Trog
  6443 | D:8      | Noticed a troll
  6453 | D:8      | Killed a troll
  6885 | D:8      | Paralysed by a hornet for 1 turns
  7072 | D:9      | Paralysed by a hornet for 1 turns
  7081 | D:8      | Paralysed by a hornet for 1 turns
  7092 | D:8      | Reached XP level 10. HP: 59/94 MP: 9/9
  7203 | D:8      | Acquired a manual of Fighting
  7586 | D:9      | Noticed a two-headed ogre
  7608 | D:9      | Killed a two-headed ogre
  7609 | D:9      | Reached skill level 15 in Axes
  7822 | D:9      | Noticed a death yak
  7822 | D:9      | Noticed a death yak
  7829 | D:9      | Noticed a death yak
  7835 | D:9      | Killed a death yak
  7840 | D:9      | Killed a death yak
  7849 | D:9      | Killed a death yak
  7853 | D:9      | Found a staircase to the Lair.
  8025 | D:9      | Noticed Maggie
  8042 | D:9      | Killed Maggie
  8043 | D:9      | Reached XP level 11. HP: 84/105 MP: 10/10
  8384 | D:10     | Entered Level 10 of the Dungeon
  8763 | D:10     | Identified the +12 longbow "Ubijuc" {freeze, rC+ Will+
                  | Str-4}
  8823 | D:10     | Noticed Grum
  8837 | D:10     | Killed Grum
  9047 | D:10     | Reached skill level 1 in Throwing
 10511 | D:11     | Identified the scarf of Gam Zuimn {shadows, rElec rCorr
                  | Dex-2}
 10534 | D:11     | Reached skill level 15 in Fighting
 10709 | D:11     | Noticed a two-headed ogre
 10717 | D:11     | Killed a two-headed ogre
 11147 | D:12     | Reached skill level 5 in Armour
 11240 | D:12     | Noticed an orc knight
 11242 | D:12     | Found a staircase to the Orcish Mines.
 11250 | D:12     | Noticed a brown ugly thing
 11273 | D:12     | Killed a brown ugly thing
 11274 | D:12     | Noticed a sixfirhy
 11305 | D:12     | Reached skill level 5 in Dodging
 11679 | D:12     | Noticed a brown ugly thing
 11768 | D:12     | Killed an orc knight
 11986 | D:12     | Killed a brown ugly thing
 12002 | D:12     | Reached XP level 12. HP: 95/122 MP: 11/11
 12327 | D:12     | Found a white marble altar of Elyvilon.
 12840 | D:13     | Reached skill level 5 in Throwing
 12912 | D:13     | Noticed a centaur warrior
 12927 | D:13     | Killed a centaur warrior
 12950 | D:13     | Reached ***** piety under Trog
 13235 | D:13     | Noticed a four-headed hydra
 13754 | D:13     | Killed a four-headed hydra
 13863 | D:13     | Noticed a rakshasa
 13881 | D:13     | Killed a rakshasa
 13882 | D:13     | Reached skill level 1 in Shields
 13986 | D:13     | Noticed a boulder beetle
 13999 | D:13     | Killed a boulder beetle
 14143 | D:13     | Noticed a six-headed hydra
 14159 | D:13     | Killed a six-headed hydra
 14250 | D:13     | Noticed a centaur warrior
 14275 | D:13     | Killed a centaur warrior
 14773 | D:13     | Found a gate to the Vaults.
 15116 | D:14     | Reached XP level 13. HP: 89/134 MP: 12/12
 15410 | D:14     | Reached skill level 5 in Shields
 15949 | D:14     | Found a corrupted altar of Lugonu.
 16257 | Lair:1   | Entered Level 1 of the Lair of Beasts
 16257 | Lair:1   | Noticed Prince Ribbit
 16266 | Lair:1   | Killed Prince Ribbit
 16457 | Lair:1   | Noticed Amaemon
 16475 | Lair:1   | Killed Amaemon
 16632 | Lair:1   | Reached skill level 10 in Armour
 16674 | Lair:1   | Noticed Nergalle
 16685 | Lair:1   | Killed Nergalle
 16778 | Lair:1   | Noticed Sonja
 16798 | Lair:1   | Killed Sonja
 17978 | Lair:2   | Identified the +6 plate armour "Xisavigg" {rPois Will+
                  | Stlth+}
 18122 | Lair:2   | Found a hole to the Spider Nest.
 18166 | Lair:2   | Reached XP level 14. HP: 140/144 MP: 13/13
 18273 | Lair:2   | Found a staircase to the Swamp.
 18946 | Lair:3   | Found a stormy altar of Qazlal.
 18954 | Lair:3   | Found a runed translucent gate.
 18955 | Lair:3   | Found a runed translucent gate.
 18956 | Lair:3   | Found a runed translucent gate.
 19016 | Lair:3   | Noticed Sazxiawk's ghost (journeyman VSFi)
 19127 | Lair:3   | Reached ****** piety under Trog
 19723 | Lair:3   | Killed Sazxiawk's ghost
 19775 | Lair:3   | Received a gift from Trog
 19790 | Lair:3   | Got the ring of the Will of the Gods {Fire +Blink}
 19797 | Lair:3   | Identified the scarf "Rielyn" {rC+ rF+, rElec Str+3 Dex+3}
 20369 | Lair:4   | Reached skill level 10 in Throwing
 20771 | Lair:4   | Found a viscous altar of Jiyva.
 20877 | Lair:4   | Found a staircase to the Slime Pits.
 21029 | Lair:5   | Entered Level 5 of the Lair of Beasts
 21033 | Lair:5   | Reached skill level 10 in Shields
 21334 | Lair:5   | Received a gift from Trog
 21577 | Lair:5   | Reached XP level 15. HP: 146/155 MP: 14/14
 21618 | Lair:5   | Noticed Kirke
 21627 | Lair:5   | Killed Kirke
 22100 | Lair:5   | Found a large runed translucent door.
 22104 | Lair:5   | Found a large runed translucent door.
 22918 | Orc:1    | Entered Level 1 of the Orcish Mines
 23043 | Orc:1    | Noticed Erolcha
 23057 | Orc:1    | Killed Erolcha
 23386 | Orc:2    | Entered Level 2 of the Orcish Mines
 23479 | Orc:2    | Found a staircase to the Elven Halls.
 23574 | Orc:2    | Received a gift from Trog
 24612 | Orc:2    | Noticed Maurice
 24624 | Orc:2    | Killed Maurice
 24759 | Orc:2    | Found Avask's Antique Armour Shoppe.
 24760 | Orc:2    | Found Sumpot's Antique Weapon Shoppe.
 24762 | Orc:2    | Found Tafrel's General Store.
 24762 | Orc:2    | Found Nitus's Book Emporium.
 25033 | Orc:2    | Bought a pair of glowing gloves for 262 gold pieces
 25033 | Orc:2    | Bought a smoking cloak for 332 gold pieces
 25033 | Orc:2    | Identified the +1 cloak of Duely {Int+3} (You bought it in
                  | a shop on level 2 of the Orcish Mines)
 25596 | Spider:1 | Entered Level 1 of the Spider Nest
 25612 | Spider:1 | Reached skill level 1 in Evocations
 25615 | Spider:1 | Received a gift from Trog
 26122 | Spider:1 | Found a frozen archway.
 26137 | IceCv    | Entered an ice cave
 26659 | IceCv    | Reached XP level 16. HP: 165/165 MP: 15/15
 26733 | IceCv    | Received a gift from Trog
 27544 | Spider:1 | Found a hide-covered altar of Uskayaw.
 27832 | Spider:2 | Noticed Frances
 27833 | Spider:2 | Reached skill level 15 in Armour
 27851 | Spider:2 | Killed Frances
 28212 | Spider:2 | Noticed Roxanne
 28226 | Spider:2 | Killed Roxanne
 28232 | Spider:2 | Reached skill level 5 in Evocations
 28441 | Spider:2 | Noticed Arachne
 28453 | Spider:2 | Killed Arachne
 28615 | Spider:2 | Received a gift from Trog
 29518 | Spider:3 | Found a runed translucent door.
 30318 | Spider:4 | Entered Level 4 of the Spider Nest
 30325 | Spider:4 | Noticed Agnes
 30416 | Spider:4 | Killed Agnes
 30807 | Spider:4 | Reached XP level 17. HP: 166/176 MP: 16/16
 31286 | Spider:4 | Received a gift from Trog
 32157 | Spider:4 | Got a gossamer rune of Zot
 32240 | Spider:3 | Reached skill level 15 in Shields
 32324 | Spider:3 | Received a gift from Trog
 32536 | Swamp:1  | Entered Level 1 of the Swamp
 32993 | Swamp:1  | Found a shimmering blue altar of Sif Muna.
 33631 | Swamp:2  | Noticed Louise
 33634 | Swamp:2  | Identified the +2 halberd of the Twelve Wars {flame, rElec
                  | rCorr Int+2 Dex+3}
 33648 | Swamp:2  | Killed Louise
 33665 | Swamp:2  | Acquired an amulet of reflection
 33834 | Swamp:2  | Noticed Donald
 33851 | Swamp:2  | Killed Donald
 34802 | Swamp:3  | Noticed Bai Suzhen
 34823 | Swamp:3  | Killed Bai Suzhen
 35163 | Swamp:3  | Received a gift from Trog
 35166 | Swamp:3  | Reached XP level 18. HP: 176/187 MP: 17/17
 35903 | Swamp:4  | Entered Level 4 of the Swamp
 35957 | Swamp:4  | Identified the +5 halberd of Taibier {elec, Str+2}
 36122 | Swamp:4  | Identified the +1 flail of Immorality {flame, rF+ Int+3}
 36306 | Swamp:4  | Noticed the 27-headed Lernaean hydra
 36536 | Swamp:4  | Killed the 24-headed Lernaean hydra
 36745 | Swamp:4  | Got a decaying rune of Zot
 37346 | Orc:2    | Bought a manual of Axes for 1120 gold pieces
 37393 | Elf:1    | Entered Level 1 of the Elven Halls
 37476 | Elf:1    | Received a gift from Trog
 37689 | Abyss:2  | Cast into level 2 of the Abyss (a deep elf demonologist)
 37791 | Abyss:2  | Lost intelligence.
 37822 | Abyss:2  | Found a corrupted altar of Lugonu.
 37824 | Abyss:2  | Found a corrupted altar of Lugonu.
 37825 | Abyss:2  | Found a corrupted altar of Lugonu.
 37849 | Elf:1    | Escaped the Abyss
 37853 | Elf:1    | Noticed an Ice Fiend
 38039 | Elf:1    | Noticed a Hell Sentinel
 38175 | Abyss:2  | Cast into level 2 of the Abyss (a deep elf sorcerer)
 38195 | Elf:1    | Escaped the Abyss
 38633 | Elf:1    | Received a gift from Trog
 38675 | Elf:1    | Found Woustui's Antique Armour Boutique.
 39152 | Elf:2    | Found a crumbling gateway.
 39158 | Desolati | Entered the Desolation of Salt
 39374 | Desolati | Identified the ring "Zokab" {rC+ rN+ EV+5}
 39421 | Desolati | Identified the ring of Qazlal's Condemnation {rN+ Str+6}
 39441 | Desolati | Reached XP level 19. HP: 195/195 MP: 18/18
 39563 | Desolati | Received a gift from Trog
 39569 | Desolati | Identified the amulet "Pakh" {Faith +Inv Dex+3}
 39600 | Desolati | Identified the +3 ring mail of Xolees {Regen+ Int+6 Dex-4
                  | Stlth+}
 39649 | Desolati | Identified the +0 robe of Fashionability {Str+4}
 39698 | Desolati | Identified the ring of Spontaneous Combustion {rC+ rN+++
                  | Will-}
 39803 | Desolati | Identified the +0 pair of boots "Geppuc" {Dex+2}
 39818 | Desolati | Identified the staff of poison "Wysaisch" {rPois rF+ Dex+3}
 39823 | Desolati | Identified the +6 trident "Wylylaj" {venom, rElec rF++
                  | Int+3}
 39839 | Desolati | Identified the +1 pair of gloves of Syndicalism {rC+ Str+3}
 40037 | Desolati | Identified the +5 flail "Udaleum" {heavy, Fragile Str+6
                  | SInv}
 40217 | Elf:2    | Identified the +8 battleaxe of Tuozyilu {flame, Str+4}
                  | (Trog gifted it to you on level 2 of the Elven Halls)
 40217 | Elf:2    | Received a gift from Trog
 40603 | Elf:2    | Found a runed translucent gate.
 40603 | Elf:2    | Found a runed translucent gate.
 40603 | Elf:2    | Found a runed translucent gate.
 40733 | Elf:2    | Found Ysis's Assorted Antiques.
 40905 | Elf:3    | Entered Level 3 of the Elven Halls
 41059 | Elf:3    | Found Jeodwuj's Antique Armour Emporium.
 41147 | Elf:3    | Received a gift from Trog
 41193 | Elf:3    | Noticed a Tzitzimitl
 41429 | Elf:3    | Identified the ring "Wurpha" {rElec rF++ Str-3 SInv}
 41907 | Elf:3    | Identified the +4 dire flail "Gaff" {drain, rF+ rN+}
 41956 | Elf:3    | Identified the staff of death "Igode" {rElec rN+ Dex+4
                  | Stlth+}
 41961 | Elf:3    | Identified the +1 robe of Nubaekeero {Fly rF+}
 41979 | Elf:3    | Identified the staff of earth "Jaotezol" {Will++}
 42018 | Elf:3    | Reached XP level 20. HP: 207/207 MP: 19/19
 42020 | Elf:3    | Identified the +0 mace of the Fool {protect, rF+ rC+}
 42044 | Elf:3    | Identified the staff of cold "Heust" {*Corrode rElec rC+
                  | Int+2}
 42072 | Elf:3    | Identified the +4 dagger of the Rat {heavy, Dex+2}
 42612 | Vaults:1 | Entered Level 1 of the Vaults
 42689 | Vaults:1 | Received a gift from Trog
 43357 | Vaults:1 | Received a gift from Trog
 43393 | Vaults:1 | Found a flickering gateway to a bazaar.
 43404 | Bazaar   | Entered a bazaar
 43408 | Bazaar   | Found Ereca's Assorted Antiques.
 43431 | Bazaar   | Found Baaquvaiss's Antique Weapon Emporium.
 43451 | Bazaar   | Found Osit's Book Boutique.
 43471 | Bazaar   | Found Mynoff's Armour Shoppe.
 44314 | Vaults:2 | Noticed Saint Roka
 44334 | Vaults:2 | Killed Saint Roka
 44396 | Vaults:2 | Noticed Mara
 44399 | Vaults:2 | Received a gift from Trog
 44421 | Vaults:2 | Noticed erynZofia's illusion
 44433 | Vaults:1 | Killed Mara
 44533 | Abyss:2  | Cast into level 2 of the Abyss (a deep elf demonologist)
 44767 | Abyss:2  | Gained mutation: You are weak. (Str -2) [a neqoxec]
 44801 | Abyss:2  | Paralysed by accursed screaming for 1 turns
 44819 | Abyss:2  | Paralysed by accursed screaming for 1 turns
 44832 | Abyss:2  | Noticed an ancient lich
 44844 | Abyss:2  | Killed an ancient lich
 44847 | Vaults:2 | Escaped the Abyss
 45156 | Vaults:2 | Received a gift from Trog
 45157 | Vaults:2 | Reached XP level 21. HP: 216/217 MP: 20/20
 45186 | Vaults:2 | Identified the +1 scale mail of a ziggurat {Dex+2 Slay+2
                  | SInv}
 45540 | Vaults:2 | Found Gawkiost's Weapon Boutique.
 45800 | Vaults:2 | Noticed Frederick
 45810 | Vaults:2 | Killed Frederick
 45936 | Vaults:2 | Identified the +11 scimitar "Ahadeo Zevel" {elec, rN+ rCorr
                  | Int+2}
 46903 | Vaults:3 | Found Xuaz's Distillery.
 47005 | Vaults:3 | Found Caidgh's Distillery.
 47014 | Vaults:3 | Received a gift from Trog
 47342 | Vaults:3 | Found Oshuq's Distillery.
 47500 | Vaults:3 | Found a magical portal.
 47514 | WizLab   | Entered Eringya's Formal Garden
 47638 | WizLab   | Received a gift from Trog
 47693 | WizLab   | Found a blossoming altar of Fedhas.
 48263 | Vaults:3 | Found Qial's Jewellery Emporium.
 48315 | Vaults:3 | You fall into a shaft and drop 1 floor!
 48343 | Vaults:3 | Found Qell's Assorted Antiques.
 48437 | Vaults:3 | Found a staircase to the Crypt.
 48811 | Vaults:4 | Received a gift from Trog
 48851 | Vaults:4 | Identified the +2 robe of Precision Catastrophes {Rampage
                  | rC- Regen+ Str+4}
 48869 | Vaults:4 | Found a radiant altar of Vehumet.
 48887 | Vaults:4 | Identified the +1 hat of Fashionability {Harm Regen+}
 48891 | Vaults:4 | Identified the +0 robe "Amus" {Will- Str+4 Dex+2 Slay+2}
 48918 | Vaults:4 | Identified the +0 robe of Kleptomania {-Tele rF+ Slay+3}
 49360 | Vaults:4 | Noticed Zenata
 49373 | Vaults:4 | Killed Zenata
 49452 | Vaults:4 | Reached XP level 22. HP: 229/229 MP: 21/21
 49461 | Vaults:4 | Reached XP level 23. HP: 237/237 MP: 22/22
 50078 | Vaults:5 | Entered Level 5 of the Vaults
 50366 | Vaults:5 | Received a gift from Trog
 50924 | Vaults:5 | Identified the +4 scimitar of Kuxzumik {venom, +Blink rN+
                  | SInv}
 51128 | Vaults:5 | Received a gift from Trog
 51166 | Vaults:5 | Reached skill level 27 in Fighting
 51604 | Vaults:5 | Found Lavaq's Assorted Antiques.
 51905 | Vaults:5 | Got a silver rune of Zot
 52048 | Vaults:5 | Identified the staff of poison "Anunora" {rElec rPois MP+9}
 52722 | D:15     | Entered Level 15 of the Dungeon
 52823 | D:15     | Reached XP level 24. HP: 247/248 MP: 22/22
 52850 | D:15     | Found a staircase to the Depths.
 53309 | Depths:1 | Entered Level 1 of the Depths
 53379 | Depths:1 | Received a gift from Trog
 53769 | Depths:1 | Found a one-way gate leading to the halls of Pandemonium.
 53855 | Depths:1 | Found an opulent altar of Gozag.
 53888 | Depths:1 | Found a gateway to Hell.
 54133 | Depths:1 | Found a corrupted altar of Lugonu.
 54133 | Depths:1 | Found a one-way gate to the infinite horrors of the Abyss.
 54774 | Depths:2 | Received a gift from Trog
 54925 | Depths:2 | Found a one-way gateway to a ziggurat.
 55201 | Depths:2 | Found Ittin's Book Emporium.
 55677 | Depths:2 | Found a gateway to a bazaar.
 55682 | Bazaar   | Entered a bazaar
 55687 | Bazaar   | Found Besa's Antique Armour Shop.
 55718 | Bazaar   | Found Taplanin's Book Shop.
 56260 | Depths:3 | Noticed a dread lich
 56271 | Depths:3 | Killed a dread lich
 56361 | Depths:3 | Found the +7 mace of Variability {chaos, chaos arc}
 56665 | Depths:3 | Noticed a juggernaut
 56670 | Depths:3 | Received a gift from Trog
 56681 | Depths:3 | Killed a juggernaut
 56744 | Depths:3 | Noticed a juggernaut
 56754 | Depths:3 | Killed a juggernaut
 56780 | Depths:3 | Reached XP level 25. HP: 201/257 MP: 22/22
 57151 | Depths:3 | Found a runed translucent door.
 57347 | Depths:3 | Found an ornate altar of the Wu Jian Council.
 57349 | Depths:3 | Found a broken altar of Ashenzari.
 57349 | Depths:3 | Found a shimmering altar of Xom.
 57351 | Depths:3 | Found a stormy altar of Qazlal.
 57351 | Depths:3 | Found a shadowy altar of Dithmenos.
 57351 | Depths:3 | Found a burning altar of Makhleb.
 57996 | Depths:3 | Acquired a manual of Evocations
 57998 | Depths:3 | Acquired a manual of Throwing
 58006 | Depths:4 | Entered Level 4 of the Depths
 58021 | Depths:4 | Noticed Boris
 58033 | Depths:4 | Killed Boris
 58114 | Depths:4 | Found a shadowy altar of Dithmenos.
 58136 | Depths:4 | Reached skill level 10 in Evocations
 58138 | Depths:4 | Noticed the Enchantress
 58151 | Depths:4 | Killed the Enchantress
 58156 | Depths:4 | Noticed Vv
 58475 | Depths:4 | Identified the +7 broad axe of Hiyzosa {heavy, rPois Int-3
                  | SInv} (Trog gifted it to you on level 4 of the Depths)
 58475 | Depths:4 | Received a gift from Trog
 58657 | Depths:4 | Killed Vv
 59027 | Depths:4 | Found a basalt altar of Yredelemnul.
 59048 | Depths:4 | Found a gate to the Realm of Zot.
 59576 | Zot:1    | Entered Level 1 of the Realm of Zot
 59607 | Zot:1    | Reached skill level 27 in Armour
 59847 | Zot:1    | Found the +2 cloak of the Thief {*Fog Slay-2 SInv Stlth+}
 59988 | Zot:1    | Received a gift from Trog
 60000 | Zot:1    | Reached skill level 15 in Throwing
 60380 | Zot:1    | Noticed an orb of fire
 60383 | Zot:1    | Gained mutation: Your magical capacity is low. (-10% MP)
                  | [an orb of fire]
 60402 | Zot:1    | Killed an orb of fire
 62401 | Zot:2    | Reached skill level 15 in Evocations
 62527 | Zot:2    | Received a gift from Trog
 62696 | Zot:2    | Reached XP level 26. HP: 266/266 MP: 19/19
 65666 | Zot:4    | Identified the +10 battleaxe of Resourcefulness {flame, rN+
                  | rCorr} (Trog gifted it to you on level 4 of the Realm of
                  | Zot)
 65666 | Zot:4    | Received a gift from Trog
 65873 | Zot:4    | Reached skill level 27 in Axes
 66652 | Zot:5    | Entered Level 5 of the Realm of Zot
 67476 | Zot:5    | Noticed an orb of fire
 67495 | Zot:5    | Gained mutation: Your magical capacity is very low. (-20%
                  | MP) [an orb of fire]
 67498 | Zot:5    | Killed an orb of fire
 67584 | Zot:5    | Noticed a dread lich
 67601 | Zot:5    | Killed a dread lich
 67620 | Zot:5    | Noticed an orb of fire
 67639 | Zot:5    | Killed an orb of fire
 67742 | Zot:5    | Reached skill level 27 in Shields
 67757 | Zot:5    | Noticed an orb of fire
 67767 | Zot:5    | Gained mutation: You are vulnerable to heat. (rF-) [an orb
                  | of fire]
 67773 | Zot:5    | Noticed an orb of fire
 67780 | Zot:5    | Gained mutation: Your spells are a little easier to cast,
                  | but a little less powerful. [an orb of fire]
 67781 | Zot:5    | Noticed an orb of fire
 67796 | Zot:5    | Gained mutation: Your body sometimes deteriorates upon
                  | taking damage. [an orb of fire]
 67797 | Zot:5    | Gained mutation: You sometimes lose your temper in combat.
                  | [an orb of fire]
 67797 | Zot:5    | Gained mutation: Armour fits poorly on your strangely
                  | shaped body. [an orb of fire]
 67808 | Zot:5    | Gained mutation: You occasionally lose the ability to read
                  | scrolls when taking damage. [an orb of fire]
 67812 | Zot:5    | Killed an orb of fire
 68194 | Zot:4    | Gained mutation: Your magical capacity is extremely low.
                  | (-30% MP) [an orb of fire]
 68219 | Zot:4    | Killed an orb of fire
 68279 | Zot:5    | Killed an orb of fire
 68280 | Zot:5    | Reached skill level 10 in Dodging
 68372 | Zot:5    | Noticed an ancient lich
 68394 | Zot:5    | Killed an ancient lich
 68537 | Zot:5    | Reached XP level 27. HP: 168/273 MP: 15/15
 68721 | Zot:5    | Got the Orb of Zot
 68869 | Zot:1    | Noticed a seraph
 68914 | Depths:3 | Noticed Temegohy the pandemonium lord
 69434 | D:$      | Escaped with the Orb!

Illustrated notes

Levels and vault maps discovered:
D:1:      wander_arrival_estate, layout_loops_ring,
          hellmonk_ecumenical_altar_leap_of_faith,
          hangedman_decor_clover_reticule, minmay_misc_feat_chi
D:2:      layout_rooms, basic_altar, st_stairs_1
D:3:      kennysheep_slugbush, layout_basic, led_sif_pool,
          mainiacjoe_overflow_chevrons, serial_aquarium, aquarium_bridge_square
          [aquarium_subvault_window, aquarium_subvault_bridge,
          aquarium_subvault_bridge, aquarium_subvault_bridge],
          aquarium_window_1, aquarium_window_2, aquarium_view_2c
D:4:      layout_rooms, kennysheep_generic_room_14, uniq_grinder
D:5:      layout_loops_corners, nzn_wu_jian_contemplation, minivault_11,
          uniq_eustachio
D:6:      layout_basic, lemuel_crystal_altar,
          mainiacjoe_overflow_large_starburst, chequers_serial_rivers_room_b
D:7:      layout_basic, minmay_temple_entry_trees, serial_shops, shop_statue,
          uniq_joseph
D:8:      layout_loops_cross, okawaru_ov_weapons_minmay
D:9:      layout_cross, dpeg_lair_monsters, uniq_maggie
D:10:     layout_loops_cross, hangedman_abyss_or_decor_clamps, uniq_grum
D:11:     layout_long_grid, bh_circular_ruins
D:12:     layout_layer_cave, david_orc_5, nicolae_elyvilon_peaceful_grove
D:13:     layout_gridville, hangedman_vaults_entry_quadrant_bands,
          kennysheep_flooded_box
D:14:     layout_gridville, grunt_decor_arrowhead, tgw_lugonu_bribe
D:15:     hangedman_depths_entry_civil_slaughter, layout_basic, serial_rivers,
          chequers_serial_rivers_micro_c, chequers_serial_rivers_micro_e,
          chequers_serial_rivers_room_b, chequers_serial_rivers_small_3
Lair:1:   layout_layer_cave, uniq_prince_ribbit2, uniq_sonja, uniq_amaemon,
          uniq_nergalle
Lair:2:   layout_gridlike, minmay_swamp_entry_eels, spider_nest_entry_web_field
Lair:3:   layout_loops_ring, gammafunk_ghost_icy, basic_altar
Lair:4:   layout_regular_city, minmay_slime_entry_oklob_open
Lair:5:   cheibrodos_lair_end_hotspot, layout_cave_pods, uniq_kirke
Swamp:1:  layout_basic_swamp, nicolae_swamp_well_well_well,
          nicolae_swamp_godswood, swamp_pool1
Swamp:2:  layout_basic_swamp, hangedman_swamp_pad, uniq_louise, uniq_donald
Swamp:3:  layout_basic_swamp, evilmike_swamp_ruin_rubble_2, swamp_pool1,
          infiniplex_staircase_pool_2, uniq_bai_suzhen
Swamp:4:  swamp_old_school, layout_basic_swamp, infiniplex_staircase_pool
Spider:1: layout_spider_delve, portal_ice_cave_entry_dragon,
          nicolae_spider_altar_of_dancing
Spider:2: layout_spider_delve, dreamdust_wasp_nest, uniq_frances, uniq_arachne,
          uniq_roxanne
Spider:3: cheibrodos_spider_deadly_dance, nicolae_spider_twisty_arc_passages,
          nicolae_spider_cling_halls
Spider:4: grunt_spider_rune_island, uniq_agnes
Orc:1:    nicolae_orc_accident_2, layout_diamond_mine, basic_altar, uniq_erolcha
Orc:2:    st_orc_congregation, layout_diamond_mine, mines2_david, uniq_maurice
Elf:1:    minmay_elf_arrival_plus, layout_geoelf_grid, serial_shops, shop,
          hangedman_elf_represent, grunt_megastairs_4
Elf:2:    nicolae_elf_blades_splatter_lattice
          [nicolae_blade_entry_sentries_behind_glass], layout_geoelf_diagonals,
          serial_shops, nicolae_shop_tiny_real_fake_doors,
          portal_desolation_entry_salt, nicolae_elf_big_sculpture_2, uniq_azrael
Elf:3:    minmay_elf_hall_quartered_circle, layout_rooms, serial_shops, shop
Vaults:1: nicolae_vaults_double_plus_2, v_pattern_2, nicolae_vaults_minivaults,
          v_misc_10, vaults_dpeg_diagonal, nicolae_vaults_shrinking_rooms_2,
          nicolae_vaults_trapezoid_4, nicolae_vaults_twisting_passages,
          nicolae_vaults_tangram_2, nicolae_vaults_two_Ls,
          nicolae_vaults_wrenched, nicolae_vaults_little_squares_4,
          nicolae_vaults_little_squares_3, ontoclasm_vaults_gateway,
          layout_vaults_ring, serial_shops, freezing_bzr
Vaults:2: hangedman_vaults_corner, vaults_room_fancy_cross, vaults_room_pools,
          nicolae_vaults_theta, nicolae_vaults_closet_pinwheel_6,
          nicolae_vaults_border_crossing, nicolae_vaults_tetromino_T_2,
          nicolae_vaults_diffraction_hallways,
          nicolae_vaults_variable_pillar_hall, hangedman_vaults_cutoff,
          nicolae_vaults_taking_the_gang_shopping, layout_vaults_omnigrid,
          uniq_saint_roka, uniq_frederick, uniq_mara
Vaults:3: infiniplex_enter_wizlab_water, nicolae_vaults_theta,
          nicolae_vaults_stairing_the_circle, minmay_crypt_entry_vampire_xt,
          hangedman_vaults_maws, vaults_room_large_hall,
          nicolae_vaults_offset_grid_hallway_4, v_misc_15, vaults_room_pool,
          grunt_vaults_twisty, vaults_room_door_ring, v_misc_29,
          layout_vaults_omnibox, serial_shops, nicolae_shop_behind_doors, shop,
          nicolae_shop_behind_doors, nicolae_shop_advertising_works
          [nicolae_subvault_shop_adworks], nicolae_shop_rolling_square
Vaults:4: nicolae_vaults_offset_grid_hallway_4, hangedman_vaults_stitches,
          grunt_tower_of_power, nicolae_vaults_what_the_h,
          layout_vaults_big_room, uniq_margery, uniq_zenata
Vaults:5: serial_shops
Depths:1: layout_honeycomb, rand_demon_pan_entry_3,
          serial_sigils_hangedman_snap, hell_entry, abyss_entry_flame_altar,
          kennysheep_decorative_pillar,
          nicolae_gozag_cash_rules_everything_around_me
Depths:2: grunt_deathspiral_small, layout_gridlike, enter_ziggurat_f,
          nicolae_abyss_entry_one_way_or_another, serial_shops, bzr_entry_road,
          shop, grunt_hell_horde, grunt_pan_entry_zigzag
Depths:3: cell_vault, layout_gridville, hell_entry, abyss_entry,
          doesnt_xom_only_xom, minmay_crystal_box,
          infiniplex_staircase_pillars_2
Depths:4: grunt_zot_entry_bicorn, layout_long_grid, pf_coc_iceberg,
          nicolae_dithmenos_shadow_blocks, lemuel_zombie_altar_yredelemnul,
          uniq_vv, uniq_enchantress, uniq_boris
Zot:1:    layout_basic, grunt_megastairs_3
Zot:2:    layout_concentric_octagons, hangedman_swamp_dais
Zot:3:    layout_onion, lemuel_flame_loot_1
Zot:4:    layout_basic, zot_minivault_4
Zot:5:    layout_cathedral_of_symmetry

Skill      XL: |  1  2  3  4  5  6  7  8  9 10 11 12 13 14 15 16 17 18 19 20 21 22 23 24 25 26 27 |
---------------+----------------------------------------------------------------------------------+-----
Axes           | 4 5 6 7 8 9 12 14 16 17 18 21 22 23 24 26 27 | 27.0
Fighting       | 4 5 6 7 8 10 13 15 17 18 19 20 21 22 23 24 25 26 27 | 27.0
Throwing       | 4 6 8 10 11 16 17 | 17.0
Armour         | 6 8 11 12 14 16 17 18 20 21 22 23 25 27 | 27.0
Dodging        | 5 6 8 11 12 | 12.6
Shields        | 4 7 10 12 14 15 17 18 19 21 22 24 27 | 27.0
Evocations     | 3 6 8 9 15 16 | 16.0

Action                     |  1- 3 |  4- 6 |  7- 9 | 10-12 | 13-15 | 16-18 | 19-21 | 22-24 | 25-27 || total
---------------------------+-------+-------+-------+-------+-------+-------+-------+-------+-------++-------
  Melee: Hand axe          |    66 |   127 |   333 |   264 |       |       |       |       |       ||   790
         Headbutt          |    10 |    24 |    52 |   177 |   287 |   279 |   281 |   304 |   384 ||  1798
         Punch             |       |     2 |     2 |     2 |       |       |       |       |       ||     6
         War axe           |       |       |       |   314 |    56 |       |       |       |       ||   370
         Spear             |       |       |       |    22 |    14 |       |       |       |       ||    36
         Broad axe         |       |       |       |       |  1053 |  1139 |  1074 |   926 |  1148 ||  5340
  Throw: Boomerang         |       |       |       |    14 |     3 |   199 |    47 |       |    29 ||   292
         Throwing net      |       |       |       |     1 |       |       |       |       |       ||     1
         Dart              |       |       |       |     5 |       |       |       |       |       ||     5
         Stone             |       |       |       |       |       |       |    44 |    61 |    60 ||   165
         Javelin           |       |       |       |       |       |       |     9 |       |     9 ||    18
 Invoke: Berserk           |     1 |     2 |     1 |     2 |     1 |     2 |     1 |       |     1 ||    11
         Trog's Hand       |       |     3 |     2 |     7 |     7 |    13 |    17 |    13 |    16 ||    78
Ability: Evoke Blink       |       |       |       |       |     1 |       |       |       |       ||     1
  Evoke: Wand              |       |       |       |     3 |     2 |     6 |     2 |     3 |     1 ||    17
         Lightning rod     |       |       |       |       |       |       |     3 |       |     4 ||     7
         Condenser vane    |       |       |       |       |       |       |     1 |       |     1 ||     2
    Use: Scroll            |       |       |    12 |     8 |    12 |    17 |     6 |     5 |     9 ||    69
         Potion            |       |       |       |       |       |     5 |     2 |     1 |    17 ||    25
   Stab: Distracted        |       |       |       |       |       |     1 |       |       |       ||     1
         Confused          |       |       |       |       |       |     1 |       |       |       ||     1
 Armour: Animal skin       |     8 |       |       |       |       |       |       |       |       ||     8
         Ring mail         |     9 |    32 |       |       |       |       |       |       |       ||    41
         Plate armour      |       |    45 |    21 |       |       |    22 |   179 |    98 |       ||   365
         Chain mail        |       |       |   179 |   291 |   598 |   562 |       |       |       ||  1630
         Gold dragon scale |       |       |       |       |       |       |       |   111 |   313 ||   424
  Dodge: Dodged            |    50 |    87 |   131 |   276 |   545 |   498 |   237 |   294 |   388 ||  2506
  Block: Buckler           |       |       |       |    54 |   390 |   274 |       |       |       ||   718
         Reflection        |       |       |       |     6 |     8 |    46 |   170 |    71 |    10 ||   311
         Tower shield      |       |       |       |       |       |   495 |   909 |   971 |  1178 ||  3553
